 Dungeon Crawl Stone Soup version 0.24.1 (webtiles) character file.

Game seed: 15412157791527915302, levelgen mode: deterministic

28 Destapler the Sneak (level 3, 0/24 HPs)
             Began as a Halfling Assassin on Apr 5, 2020.
             Slain by a hobgoblin
             ... wielding a +0 club
              (5 damage)
             ... on level 1 of the Dungeon.
             The game lasted 00:01:31 (633 turns).

Destapler the Sneak (Halfling Assassin)              Turns: 633, Time: 00:01:31

Health: 0/24       AC:  3    Str: 12    XL:     3   Next: 30%
Magic:  3/3        EV: 14    Int:  9    God:
Gold:   10         SH:  0    Dex: 16    Spells: 2/2 levels left

rFire    . . .     SeeInvis .   a - +2 dagger
rCold    . . .     Gourm    .   (shield restricted)
rNeg     . . .     Faith    +   b - +0 robe
rPois    .         Spirit   .   (no helmet)
rElec    .         Reflect  .   c - +0 cloak
rCorr    .         Harm     .   (no gloves)
MR       .....                  (no boots)
Stlth    +++.......             k - amulet of faith
HPRegen  0.08/turn              (no ring)
MPRegen  0.08/turn              (no ring)

@: no status effects
A: small, mutation resistance 1
a: no special abilities


You were on level 1 of the Dungeon.
You were not hungry.

You visited 1 branch of the dungeon, and saw 2 of its levels.

You collected 10 gold pieces.

Inventory:

Hand Weapons
 a - a +2 dagger (weapon)
Missiles
 d - 8 poisoned darts (quivered)
 e - 2 curare-tipped darts
Armour
 b - a +0 robe (worn)
 c - a +0 cloak (worn)
Jewellery
 k - an amulet of faith (around neck)
Scrolls
 j - 2 scrolls of teleportation {unknown}
Potions
 h - 2 potions of curing {unknown}
 i - a potion of ambrosia {unknown}
 l - a potion of degeneration {unknown}
Comestibles
 f - 2 rations
 g - 7 chunks of flesh


   Skills:
 + Level 2.1 Fighting
 + Level 2.9 Short Blades
 + Level 2.3 Throwing
 + Level 1.7 Dodging
 + Level 4.6 Stealth


You had 2 spell levels left.
You didn't know any spells.
Your spell library was empty.

Dungeon Overview and Level Annotations

Branches:
Dungeon (2/15)

Altars:

Annotations:
D:2 Sigmund


Innate Abilities, Weirdness & Mutations

You are small and have problems with some larger weapons.
You are somewhat resistant to further mutation.


Message History

You are too injured to fight recklessly!
The hobgoblin closely misses you.
Sigmund is suddenly surrounded by pale blue light.
Sigmund closely misses you.
There is a stone staircase leading up here.
The hobgoblin misses you. Sigmund hits you but does no damage.
The kobold misses you.
The frilled lizard bites you but does no damage.
You climb upwards.
There is a stone staircase leading down here.
You are too injured to fight recklessly!
You are too injured to fight recklessly!
You are too injured to fight recklessly!
You are too injured to fight recklessly!
You are too injured to fight recklessly!
Unknown command.
You hit the kobold.
The kobold is moderately wounded.
The hobgoblin hits you with a +0 club.
You die...

##.####.................#######
#..##...(...).....#######
...##.######......# ...##.#
#......# ...##.# #......#
#..##.# #......# ..###.#
#......# .###..#
#...g..######## .#...##
#....@.'......# ...###
#>..lK.######.# ####
#...........#.# ######.#....#.#
#.######.# #.#......#
#.#.###### #.#.# #...#


You could see a hobgoblin, a kobold and a frilled lizard.

Vanquished Creatures
  An ooze (D:1)
  3 dart slugs (D:1)
  3 giant cockroaches (D:1)
  2 hobgoblins (D:1)
  A ball python (D:1)
  2 bats (D:1)
  A frilled lizard (D:1)
  3 goblins (D:1)
  A kobold (D:1)
  2 rats (D:1)
19 creatures vanquished.

Notes
Turn   | Place    | Note
-------+----------+-------------------------------------------
     0 | D:1      | Destapler the Halfling Assassin began the quest for the
                  | Orb.
     0 | D:1      | Reached XP level 1. HP: 14/14 MP: 1/1
    68 | D:1      | Reached XP level 2. HP: 7/19 MP: 2/2
   392 | D:1      | Reached XP level 3. HP: 24/24 MP: 3/3
   620 | D:2      | Noticed Sigmund
   633 | D:1      | Slain by a hobgoblin

Levels and vault maps discovered:
D:1:      dpeg_arrival_round_b, layout_basic, serial_bayou_pond_e
D:2:      layout_basic, first_ration, uniq_sigmund

Skill      XL: |  1  2 |
---------------+-------+-----
Fighting       | 2 |  2.1
Short Blades   | |  2.9
Throwing       | |  2.3
Dodging        | |  1.7
Stealth        | |  4.6

Action                   || total
-------------------------++-------
Melee: Dagger            ||    62
 Stab: Sleeping          ||     4
Armor: Robe              ||     6
Dodge: Dodged            ||    37
